TOP OF THE 1ST |
Surrey Sinners batting - Pitching for Jasper Cougars : RHP Bret Hendricks
|
Pitching: RHP Bret Hendricks
|
|
Batting: RHB Pat Simms
|
0-0: Called Strike 0-1: Fly out, F9 (Flyball, 9S)
|
Batting: RHB Jake Townsend
|
0-0: Ball 1-0: Called Strike 1-1: Foul Ball, location: 2F 1-2: Ball 2-2: Ball 3-2: Base on Balls
|
Batting: RHB Jeff Buck
|
0-0: Ball 1-0: Ball 2-0: Grounds into double play, 6-4-3 (Groundball, 6)
|
Top of the 1st over - 0 runs, 0 hits, 0 errors, 0 left on base; Surrey 0 - Jasper 0 |
BOTTOM OF THE 1ST |
Jasper Cougars batting - Pitching for Surrey Sinners : LHP José Morales
|
Pitching: LHP José Morales
|
|
Batting: RHB Ben Wilson
|
0-0: Called Strike 0-1: Ball 1-1: Ball 2-1: SINGLE (Groundball, 6MD)
|
Batting: SHB Jerry Young
|
0-0: Ball 1-0: Called Strike 1-1: Ball 2-1: Called Strike 2-2: Ball 3-2: Fly out, F3 (Popup, 3F)
|
Batting: LHB Iván Soriano
|
0-0: Called Strike 0-1: Swinging Strike 0-2: Ball 1-2: Strikes out looking Ben Wilson steals 2nd base Batter strikes out.
|
Batting: RHB Júlio González
|
0-0: Foul Ball, location: 2F 0-1: Ball 1-1: Swinging Strike 1-2: Foul Ball, location: 2F 1-2: Foul Ball, location: 2F 1-2: Ground out 4-3 (Groundball, 4)
|
Bottom of the 1st over - 0 runs, 1 hit, 0 errors, 1 left on base; Surrey 0 - Jasper 0 |
TOP OF THE 2ND |
Surrey Sinners batting - Pitching for Jasper Cougars : RHP Bret Hendricks
|
Batting: RHB Kevin Robinson
|
0-0: Ball 1-0: Ball 2-0: Foul Ball, location: 2F 2-1: Ball 3-1: Ground out 1-3 (Groundball, P)
|
Batting: RHB Ron Gilbert
|
0-0: Fly out, F9 (Flyball, 9D)
|
Batting: LHB Patrick Ferguson
|
0-0: Fly out, F7 (Flyball, 7LMF)
|
Top of the 2nd over - 0 runs, 0 hits, 0 errors, 0 left on base; Surrey 0 - Jasper 0 |
BOTTOM OF THE 2ND |
Jasper Cougars batting - Pitching for Surrey Sinners : LHP José Morales
|
Batting: RHB Andrés Pérez
|
0-0: Called Strike 0-1: Ground out 6-3 (Groundball, 56)
|
Batting: RHB Manny López
|
0-0: Ball 1-0: Ball 2-0: Foul Ball, location: 2F 2-1: Foul Ball, location: 2F 2-2: Reached on error, E8 (Line Drive, 8RD)
|
Batting: RHB Martín Pacheco
|
0-0: Foul Ball, location: 2F 0-1: Foul Ball, location: 2F 0-2: Ball 1-2: Ball 2-2: Ground out 5-3 (Groundball, 56S) Manny López to third
|
Batting: RHB Bob Vaughn
|
0-0: Ball 1-0: Swinging Strike 1-1: Swinging Strike 1-2: Foul Ball, location: 2F 1-2: Foul Ball, location: 2F 1-2: Strikes out swinging
|
Bottom of the 2nd over - 0 runs, 0 hits, 1 error, 1 left on base; Surrey 0 - Jasper 0 |
TOP OF THE 3RD |
Surrey Sinners batting - Pitching for Jasper Cougars : RHP Bret Hendricks
|
Batting: RHB Francisco Martínez
|
0-0: Ball 1-0: Swinging Strike 1-1: Called Strike 1-2: Strikes out swinging
|
Batting: SHB Pat Brock
|
0-0: Called Strike 0-1: Called Strike 0-2: Strikes out swinging
|
Batting: SHB Luis Días
|
0-0: Ball 1-0: Ball 2-0: Ball 3-0: Called Strike 3-1: Swinging Strike 3-2: Foul Ball, location: 2F 3-2: Base on Balls
|
Batting: RHB Pat Simms
|
0-0: Ball 1-0: Called Strike 1-1: Swinging Strike 1-2: Strikes out swinging
|
Top of the 3rd over - 0 runs, 0 hits, 0 errors, 1 left on base; Surrey 0 - Jasper 0 |
BOTTOM OF THE 3RD |
Jasper Cougars batting - Pitching for Surrey Sinners : LHP José Morales
|
Batting: RHB Ollie Johnson
|
0-0: Ball 1-0: Called Strike 1-1: Foul Ball, location: 2F 1-2: Strikes out looking
|
Batting: RHB Ben Wilson
|
0-0: Foul Ball, location: 2F 0-1: SINGLE (Groundball, 4) (infield hit)
|
Batting: SHB Jerry Young
|
0-0: Called Strike 0-1: SINGLE (Groundball, 56D) Ben Wilson to second
|
Batting: LHB Iván Soriano
|
0-0: Called Strike 0-1: Ball 1-1: Ball 2-1: Ball 3-1: Called Strike 3-2: Base on Balls Ben Wilson to third Jerry Young to second
|
Batting: RHB Júlio González
|
0-0: Ball 1-0: Ball 2-0: Ball 3-0: Called Strike 3-1: Swinging Strike 3-2: Strikes out swinging
|
Batting: RHB Andrés Pérez
|
0-0: Called Strike 0-1: Fielders Choice at 2nd, U6 (Groundball, 6M)
|
Bottom of the 3rd over - 0 runs, 2 hits, 0 errors, 3 left on base; Surrey 0 - Jasper 0 |
TOP OF THE 4TH |
Surrey Sinners batting - Pitching for Jasper Cougars : RHP Bret Hendricks
|
Batting: RHB Jake Townsend
|
0-0: Swinging Strike 0-1: Called Strike 0-2: Strikes out swinging
|
Batting: RHB Jeff Buck
|
0-0: Ball 1-0: Swinging Strike 1-1: Ball 2-1: Foul Ball, location: 2F 2-2: Fly out, F8 (Flyball, 89S)
|
Batting: RHB Kevin Robinson
|
0-0: Ball 1-0: Fly out, F7 (Line Drive, 7D)
|
Top of the 4th over - 0 runs, 0 hits, 0 errors, 0 left on base; Surrey 0 - Jasper 0 |
BOTTOM OF THE 4TH |
Jasper Cougars batting - Pitching for Surrey Sinners : LHP José Morales
|
Batting: RHB Manny López
|
0-0: Ball 1-0: Ball 2-0: Foul Ball, location: 2F 2-1: Ball 3-1: Swinging Strike 3-2: Foul Ball, location: 2F 3-2: Strikes out swinging
|
Batting: RHB Martín Pacheco
|
0-0: Called Strike 0-1: Foul Ball, location: 2F 0-2: Ball 1-2: Foul Ball, location: 2F 1-2: Strikes out swinging
|
Batting: RHB Bob Vaughn
|
0-0: Called Strike 0-1: Ball 1-1: Foul Ball, location: 2F 1-2: Fly out, F8 (Flyball, 89M)
|
Bottom of the 4th over - 0 runs, 0 hits, 0 errors, 0 left on base; Surrey 0 - Jasper 0 |
TOP OF THE 5TH |
Surrey Sinners batting - Pitching for Jasper Cougars : RHP Bret Hendricks
|
Batting: RHB Ron Gilbert
|
0-0: Ball 1-0: Called Strike 1-1: Foul Ball, location: 2F 1-2: Strikes out swinging
|
Batting: LHB Patrick Ferguson
|
0-0: Ball 1-0: Ball 2-0: Ground out 4-3 (Groundball, 4M)
|
Batting: RHB Francisco Martínez
|
0-0: Fly out, F7 (Flyball, 78S)
|
Top of the 5th over - 0 runs, 0 hits, 0 errors, 0 left on base; Surrey 0 - Jasper 0 |
BOTTOM OF THE 5TH |
Jasper Cougars batting - Pitching for Surrey Sinners : LHP José Morales
|
Batting: RHB Ollie Johnson
|
0-0: Ball 1-0: Fly out, F8 (Flyball, 8RS)
|
Batting: RHB Ben Wilson
|
0-0: Ball 1-0: Foul Ball, location: 2F 1-1: Called Strike 1-2: Strikes out swinging
|
Batting: SHB Jerry Young
|
0-0: Ball 1-0: Foul Ball, location: 2F 1-1: Swinging Strike 1-2: Foul Ball, location: 2F 1-2: Foul Ball, location: 2F 1-2: SINGLE (Groundball, 6M) (infield hit)
|
Batting: LHB Iván Soriano
|
0-0: Swinging Strike 0-1: Ball 1-1: Ball 2-1: Swinging Strike 2-2: Ball 3-2: Foul Ball, location: 2F 3-2: Foul Ball, location: 2F 3-2: Foul Ball, location: 2F 3-2: Ground out 5-3 (Groundball, 5)
|
Bottom of the 5th over - 0 runs, 1 hit, 0 errors, 1 left on base; Surrey 0 - Jasper 0 |
TOP OF THE 6TH |
Surrey Sinners batting - Pitching for Jasper Cougars : RHP Bret Hendricks
|
Batting: SHB Pat Brock
|
0-0: Ground out U3 (Groundball, 34)
|
Batting: SHB Luis Días
|
0-0: Called Strike 0-1: Ball 1-1: Called Strike 1-2: Foul Ball, location: 2F 1-2: Strikes out swinging
|
Batting: RHB Pat Simms
|
0-0: Foul Ball, location: 2F 0-1: Foul Ball, location: 2F 0-2: SINGLE (Groundball, 6MD)
|
Batting: RHB Jake Townsend
|
0-0: Called Strike 0-1: Ball 1-1: Foul Ball, location: 2F 1-2: Ball 2-2: Hit by Pitch Pat Simms to second
|
Batting: RHB Jeff Buck
|
0-0: Foul Ball, location: 2F 0-1: Foul Ball, location: 2F 0-2: Ball 1-2: Ball 2-2: Foul Ball, location: 2F 2-2: Foul Ball, location: 2F 2-2: Fielders Choice at 2nd, 6-4 (Groundball, 6)
|
Top of the 6th over - 0 runs, 1 hit, 0 errors, 2 left on base; Surrey 0 - Jasper 0 |
BOTTOM OF THE 6TH |
Jasper Cougars batting - Pitching for Surrey Sinners : LHP José Morales
|
Batting: RHB Júlio González
|
0-0: Foul Ball, location: 2F 0-1: Ball 1-1: Swinging Strike 1-2: Ball 2-2: Strikes out swinging
|
Batting: RHB Andrés Pérez
|
0-0: SINGLE (Groundball, 56S) (infield hit)
|
Pitching: LHP Juan Ortíz
|
|
Batting: RHB Manny López
|
0-0: Swinging Strike 0-1: Called Strike 0-2: SINGLE (Groundball, 4MD) Andrés Pérez to second
|
Batting: RHB Martín Pacheco
|
0-0: Swinging Strike 0-1: Foul Ball, location: 2F 0-2: Ball 1-2: Ball 2-2: Ball 3-2: Foul Ball, location: 2F 3-2: Foul Ball, location: 2F 3-2: Base on Balls Andrés Pérez to third Manny López to second
|
Batting: RHB Bob Vaughn
|
0-0: Ball 1-0: Ball 2-0: Called Strike 2-1: Foul Ball, location: 2F 2-2: Fly out, F9 (Flyball, 89M) Throwing error, E9 Andrés Pérez scores Manny López to third Martín Pacheco to second
|
Batting: RHB Ollie Johnson
|
0-0: Swinging Strike 0-1: Foul Ball, location: 2F 0-2: Fly out, F5 (Popup, 5SF)
|
Bottom of the 6th over - 1 run, 2 hits, 1 error, 2 left on base; Surrey 0 - Jasper 1 |
TOP OF THE 7TH |
Surrey Sinners batting - Pitching for Jasper Cougars : RHP Bret Hendricks
|
Batting: RHB Kevin Robinson
|
0-0: Called Strike 0-1: Ball 1-1: Fly out, F8 (Flyball, 8RD)
|
Batting: RHB Ron Gilbert
|
0-0: SINGLE (Line Drive, 7LS)
|
Pinch Hitting: SHB Ed Nelson
|
0-0: Called Strike 0-1: Ball 1-1: Swinging Strike 1-2: Ball 2-2: Strikes out swinging
|
Batting: RHB Francisco Martínez
|
0-0: Fly out, F9 (Flyball, 9D)
|
Top of the 7th over - 0 runs, 1 hit, 0 errors, 1 left on base; Surrey 0 - Jasper 1 |
BOTTOM OF THE 7TH |
Jasper Cougars batting - Pitching for Surrey Sinners : LHP Juan Ortíz
|
Now at 1B: Ed Nelson
|
|
Batting: RHB Ben Wilson
|
0-0: Called Strike 0-1: Swinging Strike 0-2: SINGLE (Line Drive, 8LS)
|
Pinch Hitting: RHB Donald Fenner
|
0-0: Ball 1-0: Swinging Strike 1-1: Foul Ball, location: 2F 1-2: Ball 2-2: Fly out, F7 (Line Drive, 78D)
|
Batting: LHB Iván Soriano
|
0-0: Foul Ball, location: 2F 0-1: Ball 1-1: Swinging Strike 1-2: Strikes out swinging
|
Batting: RHB Júlio González
|
0-0: Foul Ball, location: 2F 0-1: Ball 1-1: Ball 2-1: Fly out, F9 (Flyball, 89S)
|
Bottom of the 7th over - 0 runs, 1 hit, 0 errors, 1 left on base; Surrey 0 - Jasper 1 |
TOP OF THE 8TH |
Surrey Sinners batting - Pitching for Jasper Cougars : RHP Bret Hendricks
|
Now at 3B: Donald Fenner
|
|
Batting: SHB Pat Brock
|
0-0: Called Strike 0-1: Ball 1-1: Ball 2-1: Swinging Strike 2-2: Foul Ball, location: 2F 2-2: Foul Ball, location: 2F 2-2: Foul Ball, location: 2F 2-2: Strikes out swinging
|
Batting: SHB Luis Días
|
0-0: Ball 1-0: Ball 2-0: Ball 3-0: Base on Balls
|
Batting: RHB Pat Simms
|
0-0: Ball 1-0: Called Strike 1-1: Ball 2-1: SINGLE (Line Drive, 7LS) Luis Días to second
|
Pinch Hitting: LHB Robert Mann
|
0-0: DOUBLE (Flyball, 8LXD) Luis Días scores Pat Simms to third
|
Batting: RHB Jeff Buck
|
0-0: Ball 1-0: Fly out, F8 (Flyball, 78D) Runner from 3rd tags up, SCORES, no throw
|
Batting: RHB Kevin Robinson
|
0-0: Called Strike 0-1: Ground out 4-3 (Groundball, 4)
|
Top of the 8th over - 2 runs, 2 hits, 0 errors, 1 left on base; Surrey 2 - Jasper 1 |
BOTTOM OF THE 8TH |
Jasper Cougars batting - Pitching for Surrey Sinners : LHP Juan Ortíz
|
Now in CF: Don Jackson
|
|
Batting: RHB Andrés Pérez
|
0-0: Ball 1-0: Ball 2-0: Swinging Strike 2-1: Foul Ball, location: 2F 2-2: Strikes out swinging
|
Batting: RHB Manny López
|
0-0: Called Strike 0-1: Ground out 1-3 (Groundball, P)
|
Batting: RHB Martín Pacheco
|
0-0: Fly out, F7 (Flyball, 7LM)
|
Bottom of the 8th over - 0 runs, 0 hits, 0 errors, 0 left on base; Surrey 2 - Jasper 1 |
TOP OF THE 9TH |
Surrey Sinners batting - Pitching for Jasper Cougars : RHP Bret Hendricks
|
Pitching: RHP Cipriano Román
|
|
Batting: RHB Ron Gilbert
|
0-0: Called Strike 0-1: Foul Ball, location: 2F 0-2: Ball 1-2: Strikes out swinging
|
Batting: SHB Ed Nelson
|
0-0: Ball 1-0: Called Strike 1-1: Reached on error, E5 (Groundball, 56)
|
Batting: RHB Francisco Martínez
|
0-0: Called Strike 0-1: SINGLE (Line Drive, 7LS) Ed Nelson to second
|
Pinch Hitting: RHB Christian Porter
|
0-0: Called Strike 0-1: Ball 1-1: Ball 2-1: Ball 3-1: Foul Ball, location: 2F 3-2: Foul Ball, location: 2F 3-2: Base on Balls Ed Nelson to third Francisco Martínez to second
|
Pinch Hitting: LHB Ugo Béland
|
0-0: Ball 1-0: Called Strike 1-1: Ball 2-1: Foul Ball, location: 2F 2-2: Fly out, F6 (Line Drive, 6M)
|
Batting: RHB Pat Simms
|
0-0: Called Strike 0-1: Ball 1-1: Foul Ball, location: 2F 1-2: Strikes out swinging
|
Top of the 9th over - 0 runs, 1 hit, 1 error, 3 left on base; Surrey 2 - Jasper 1 |
BOTTOM OF THE 9TH |
Jasper Cougars batting - Pitching for Surrey Sinners : LHP Juan Ortíz
|
Pitching: RHP Ed Ramos
|
|
Now at 2B: Ugo Béland
|
|
Now at SS: Robert Sipple
|
|
Pinch Hitting: SHB Kel Davis
|
0-0: Ball 1-0: Swinging Strike 1-1: Swinging Strike 1-2: Ball 2-2: Ball 3-2: Base on Balls
|
Pinch Runner at 1st Alberto Morín:
|
|
Pinch Hitting: LHB John Miller
|
0-0: Ball 1-0: Called Strike 1-1: Called Strike 1-2: Ball 2-2: Ball 3-2: Strikes out swinging
|
Batting: RHB Ben Wilson
|
0-0: Ball 1-0: Ball 2-0: Ball 3-0: Base on Balls Alberto Morín to second
|
Batting: RHB Donald Fenner
|
0-0: Ball 1-0: Ground out 5-3 (Groundball, 5) Alberto Morín to third Ben Wilson to second
|
Batting: LHB Iván Soriano
|
0-0: Ball 1-0: Foul Ball, location: 2F 1-1: Fly out, F9 (Flyball, 9D)
|
Bottom of the 9th over - 0 runs, 0 hits, 0 errors, 2 left on base; Surrey 2 - Jasper 1 |
|